 Dungeon Crawl Stone Soup version 0.19.1 (webtiles) character file.

793 Gadfly the Cudgeler (level 7, -10/44 HPs)
             Began as a Gargoyle Fighter on Nov 30, 2016.
             Was an Initiate of the Shining One.
             Mangled by an orc warrior
             ... wielding a +0 long sword
              (18 damage)
             ... on level 5 of the Dungeon.
             The game lasted 00:08:09 (3589 turns).

Gadfly the Cudgeler (Gargoyle Fighter)              Turns: 3589, Time: 00:08:10

Health: -10/44     AC: 15    Str: 21 (22) XL:     7   Next: 88%
Magic:  7/7        EV:  7    Int:  8      God:    the Shining One [......]
Gold:   253        SH: 10    Dex: 11      Spells: 0 memorised, 6 levels left

rFire  . . .     SeeInvis .     a - +0 flail
rCold  . . .     Gourm    .     b - +0 scale mail
rNeg   + . .     Faith    .     c - +0 shield
rPois  ∞         Spirit   .     (no helmet)
rElec  +         Reflect  .     l - +0 cloak
rCorr  .         Harm     .     m - +1 pair of gloves
MR     .....                    (no boots)
Stlth  ..........               (no amulet)
                                (no ring)
                                s - +2 ring of strength

@: glowing
A: negative energy resistance 1, electricity resistance, unbreathing,
petrification resistance, rot immunity, AC +4
a: Renounce Religion


You were on level 5 of the Dungeon.
You worshipped the Shining One.
The Shining One was noncommittal.
You were hungry.

You visited 2 branches of the dungeon, and saw 6 of its levels.

You collected 253 gold pieces.

Inventory:

Hand Weapons
 a - a +0 flail (weapon)
Missiles
 v - a throwing net (quivered)
Armour
 b - a +0 scale mail (worn)
 c - a +0 shield (worn)
 l - a +0 cloak (worn)
 m - a +1 pair of gloves (worn)
Jewellery
 s - a +2 ring of strength (left hand)
Wands
 p - a wand of random effects (14/48)
 t - a wand of lightning (10/15)
Scrolls
 e - 2 scrolls of teleportation
 k - 2 scrolls of enchant armour
 u - 4 scrolls of identify
 w - a scroll of fog {unknown}
 y - a scroll of magic mapping
Potions
 d - a potion of might
 g - a potion of magic
 o - a potion of cancellation
 r - 2 potions of curing
Comestibles
 f - 5 bread rations
 h - 2 beef jerkies
 i - 2 fruits
 j - a meat ration
 q - a slice of pizza


   Skills:
 + Level 4.7 Fighting
 + Level 6.1 Maces & Flails
 - Level 1.5 Throwing
 + Level 4.4 Armour
 + Level 5.4 Shields


You had 6 spell levels left.
You didn't know any spells.

Dungeon Overview and Level Annotations

Branches:
Dungeon (5/15)             Temple (1/1) D:4

Altars:
Cheibriados
Gozag
Hepliaklqana
Nemelex Xobeh
Qazlal
Sif Muna
Trog
Uskayaw
Vehumet
Xom
Yredelemnul
The Shining One


Innate Abilities, Weirdness & Mutations

You are resistant to torment.
Your stone body is resilient. (AC +4)
You are immune to poison.
You resist negative energy. (rN+)
You are resistant to electric shocks. (rElec)
You can survive without breathing.
You are immune to petrification.
You are immune to rotting.


Message History

You barely miss the orc warrior.
The orc warrior is almost dead.
The orc hits you but does no damage.
The orc warrior hits you but does no damage.
You closely miss the orc warrior.
The orc warrior is almost dead.
You block the orc's attack.
The orc warrior hits you but does no damage.
The orc barely misses you.
You hit the orc warrior but do no damage.
The orc warrior is almost dead.
You block the orc's attack.
The orc warrior hits you but does no damage.
You closely miss the orc warrior.
The orc warrior is almost dead.
The orc hits you with a dagger.
* * * LOW HITPOINT WARNING * * *
You block the orc's attack.
The orc warrior hits you with a long sword!!
You die...

##.#.## #.........#.#..#.# ##.#.#
#.#.#..##.#.#[##.# .....# #
#.#..##.#.#.##.# ##.###
#.#.....#.#....^.####### #.#
#.........###.##.......#
##.#######.........###.##.#####.#
................o...##.##.# #.#
...#######..#...o......##.# (.
...# #.....o@.#.###.#.##.# #.##
#....#.#.#.##.......# #.#
#..).......###....#S...# #.#
##...######.....#...#### ..#
#...# #.##..##.## .## #...#
#.#)..##.### #...# ##.#.........
######...#####.......#.#..
...........).).##....#.#..


You could see an orc warrior and 2 orcs.

Vanquished Creatures
  Grinder (D:5)
  Sigmund (D:3)
  An ogre (D:4)
  A hound (D:4)
  2 orc priests
  Jessica (D:3)
  3 orc wizards
  A worker ant (D:4)
  A howler monkey skeleton (D:3)
  3 adders
  An ooze (D:2)
  An adder zombie (D:3)
  2 worms
  2 dart slugs (D:1)
  3 leopard geckos
  21 orcs
  2 ball pythons
  3 bats
  2 giant cockroaches
  6 goblins
  4 hobgoblins
  3 jackals (D:4)
  6 kobolds
  3 frilled lizards
  7 rats
81 creatures vanquished.

Notes
Turn   | Place    | Note
-------+----------+-------------------------------------------
     0 | D:1      | Gadfly the Gargoyle Fighter began the quest for the Orb.
     0 | D:1      | Reached XP level 1. HP: 14/14 MP: 1/1
   161 | D:1      | Reached XP level 2. HP: 7/19 MP: 2/2
   849 | D:2      | Reached skill level 1 in Throwing
   849 | D:2      | Reached XP level 3. HP: 23/23 MP: 3/3
  1250 | D:2      | Found a shimmering altar of Xom.
  1622 | D:3      | Reached XP level 4. HP: 29/29 MP: 4/4
  1687 | D:3      | Noticed Jessica
  1692 | D:3      | Found a shimmering altar of Xom.
  1701 | D:3      | Killed Jessica
  1773 | D:3      | Noticed Sigmund
  1782 | D:3      | Killed Sigmund
  1782 | D:3      | Reached skill level 4 in Maces & Flails
  1782 | D:3      | Reached XP level 5. HP: 30/33 MP: 5/5
  1782 | D:3      | Reached XP level 6. HP: 34/38 MP: 6/6
  2225 | D:4      | Found a bloodstained altar of Trog.
  2493 | D:4      | Reached XP level 7. HP: 40/44 MP: 7/7
  2498 | D:4      | Reached skill level 5 in Maces & Flails
  2705 | D:4      | Found a staircase to the Ecumenical Temple.
  2739 | D:4      | Reached skill level 5 in Shields
  2761 | Temple   | Entered the Ecumenical Temple
  2858 | Temple   | Became a worshipper of the Shining One
  2931 | D:5      | Entered Level 5 of the Dungeon
  2995 | D:5      | Found a hide-covered altar of Uskayaw.
  3199 | D:5      | Noticed Grinder
  3227 | D:5      | Killed Grinder
  3255 | D:5      | Reached skill level 6 in Maces & Flails
  3589 | D:5      | Mangled by an orc warrior

Skill      XL: |  1  2  3  4  5  6  7 |
---------------+----------------------+-----
Throwing       | 1 |  1.5
Fighting       | 4 |  4.7
Maces & Flails | 4 6 |  6.1
Shields        | 4 5 |  5.4
Armour         | 4 |  4.4

Action                   |  1- 3 |  4- 6 |  7- 9 || total
-------------------------+-------+-------+-------++-------
Melee: Flail             |   125 |    97 |   155 ||   377
Throw: Stone             |     1 |       |       ||     1
  Use: Scroll            |     4 |     3 |     2 ||     9
       Potion            |     3 |     3 |     1 ||     7
  Eat: Chunk             |     2 |     3 |     4 ||     9
Armor: Scale mail        |    69 |    32 |    89 ||   190
Dodge: Dodged            |    40 |    25 |    35 ||   100
Block: Shield            |    58 |    42 |    92 ||   192
